Griffins vs Barracuda (R1)

Created - November 28, 2024 at 21:56

Goals
1 2 3 T
Griffins 1 2 1 4
Barracuda 2 0 0 2
Shots
1 2 3 T
Griffins 7 11 17 35
Barracuda 12 5 9 26

1st period

1. Griffins , Jack Studnicka 1 (Mathieu Brodeur 1, Nils Hoglander 2) at 12:50
2. Barracuda , Cole Ully 6 (Noah Gregor 2) at 15:44
3. Barracuda , Emil Pettersson 8 (Mac Hollowell 8, Kurtis Macdermid 9) at 18:17

Penalties :
William Carrier (S.J) for Interference (Minor) at 3:30, Brycen Martin (Gra) for Cross-checking (Minor) at 6:34

2nd period

4. Griffins , Morgan Barron 8 (Ryan Pulock 6) at 0:11
5. Griffins , Nathan Walker 10 (Dominic Turgeon 5) at 1:51

Penalties :
Thomas Gobeil (S.J) for Holding (Minor) at 16:30, Kyle Platzer (S.J) for Tripping (Minor) at 19:50

3rd period

6. Griffins , Sonny Milano 15 (Robert Thomas 23, Nathan Walker 15) at 19:08 (PP)

Penalties :
Thomas Gobeil (S.J) for Tripping (Minor) at 3:28, Robert Thomas (Gra) for Delaying the game (Minor) at 7:09, Connor McMichael (Gra) for Holding (Minor) at 11:13, Nikolai Kovalenko (S.J) for High sticking (Minor) at 18:05

Goalie Stats

Adam Werner (Gra), 24 saves from 26 shots - (0.923), W, 4-2-0, 60:00 minutes
Joni Ortio (S.J), 31 saves from 35 shots - (0.886), L, 8-6-1, 60:00 minutes

Players Stats for Griffins

Player Name              G  A  P  +/- PIM S  H  SB GA TA FO     MP     PP MP  PK MP  
------------------------------------------------------------------------------------
Brycen Martin            0  0  0   0  2   0  0  1  0  0  0/0     4:34   0:06   0:00 
Christoffer Ehn          0  0  0  -1  0   3  1  0  1  1  11/22  20:35   2:55   1:48 
Connor McMichael         0  0  0   0  2   0  1  1  0  0  3/12   12:33   3:25   0:00 
Dominic Turgeon          0  1  1   1  0   1  0  0  1  2  8/17   16:42   0:49   2:55 
Ian McCoshen             0  0  0   1  0   2  2  0  0  0  0/0    20:41   3:17   2:19 
Jack Studnicka           1  0  1   1  0   3  0  1  0  0  1/1     8:05   0:06   0:00 
Joonas Lyytinen          0  0  0  -2  0   0  0  0  0  1  0/0    15:21   0:41   3:38 
Jordan Spence            0  0  0   2  0   1  1  2  1  1  0/0    20:38   5:24   0:00 
Kailer Yamamoto          0  0  0   1  0   5  0  0  0  0  0/0    15:02   3:25   0:00 
Mathieu Brodeur          0  1  1   2  0   0  0  0  0  0  0/0    17:50   0:00   3:38 
Morgan Barron            1  0  1   0  0   2  0  0  0  1  1/1    12:39   0:19   2:27 
Morgan Geekie            0  0  0   0  0   4  0  1  0  0  0/1    14:46   1:03   2:56 
Nathan Walker            1  1  2   1  0   2  1  0  1  0  1/2    17:48   5:26   0:34 
Nils Hoglander           0  1  1   1  0   0  1  0  0  0  0/0     6:39   0:00   0:00 
Robert Thomas            0  1  1  -1  2   3  2  1  2  0  6/10   20:15   4:44   0:00 
Ryan Pulock              0  1  1   1  0   1  1  4  0  0  0/0    22:43   5:13   0:00 
Samuel Poulin            0  0  0   1  0   0  0  0  0  0  0/0     8:25   0:00   1:14 
Sebastian Ahaut          0  0  0  -2  0   0  0  0  0  1  0/0    12:28   3:17   0:00 
Sonny Milano             1  0  1  -1  0   7  0  0  1  0  1/1    20:00   4:45   0:00 
Tyler Lewington          0  0  0   0  0   1  0  0  0  2  0/0     6:16   0:00   2:19 

Players Stats for Barracuda

Player Name              G  A  P  +/- PIM S  H  SB GA TA FO     MP     PP MP  PK MP  
------------------------------------------------------------------------------------
Alex Henriksson          0  0  0  -1  0   5  1  0  2  0  0/0    10:17   0:05   2:12 
Alex Lintuniemi          0  0  0  -1  0   0  0  0  0  0  0/0    14:37   1:57   0:50 
Alexei Toropchenko       0  0  0  -1  0   0  3  0  0  0  0/0     6:37   0:05   0:00 
Cole Ully                1  0  1   1  0   1  0  0  1  0  2/2    11:05   0:00   0:18 
Dennis Cholowski         0  0  0  -1  0   0  0  0  0  1  0/0    12:52   0:08   0:07 
Emil Pettersson          1  0  1  -1  0   2  1  2  1  0  20/37  21:46   3:06   4:50 
Jaedon Descheneau        0  0  0   0  0   2  1  0  0  0  0/0    14:22   2:46   0:00 
Jordan Gross             0  0  0  -1  0   0  0  2  0  1  0/0    19:50   2:24   3:27 
Kurtis Macdermid         0  1  1  -1  0   4  2  2  1  1  1/1    21:46   3:06   4:50 
Kyle Platzer             0  0  0  -1  2   1  1  0  0  0  0/3     8:52   0:00   1:06 
Luke Martin              0  0  0  -1  0   1  2  0  1  1  0/0    24:22   2:31   4:35 
Mac Hollowell            0  1  1   1  0   1  2  2  0  0  0/0    19:11   1:06   3:21 
Nikolai Kovalenko        0  0  0   1  2   1  2  0  0  0  1/1    10:46   0:00   0:00 
Noah Gregor              0  1  1   1  0   2  1  0  0  0  5/7    11:29   0:20   0:01 
Robin Norell             0  0  0   1  0   1  2  4  0  2  0/0    29:08   3:48   5:38 
Theodor Blueger          0  0  0   0  0   3  0  3  1  0  5/14   18:15   2:46   3:02 
Thomas Gobeil            0  0  0  -1  4   0  2  0  0  1  0/1    18:47   2:51   0:00 
William Carrier          0  0  0   0  2   2  1  2  2  0  1/1    16:54   2:46   1:39 

3 Stars

1 - Nathan Walker (Gra)
2 - Jack Studnicka (Gra)
3 - Ryan Pulock (Gra)

Power Play

Griffins - 1 on 5 Attempt(s) - 20.00%
Barracuda - 0 on 3 Attempt(s) - 0.00%

Penalty Kill

Griffins - 3 on 3 Attempt(s) - 100.00% - Score 0 goal in Penalty Kill
Barracuda - 4 on 5 Attempt(s) - 80.00% - Score 0 goal in Penalty Kill

Team Stat

Griffins - Hits : 10 - Faceoff Wins : 32 - Blocked Shots : 11 - Penalty Minutes : 6
Barracuda - Hits : 21 - Faceoff Wins : 35 - Blocked Shots : 17 - Penalty Minutes : 10

Official

Referees : Brandon Schrader and Justin St. Pierre
Linesman : Ryan Gibbons and Brian Mach

Game Notes

Mac Hollowell is injured at 2:44 of 3rd period (Fractured Orbital Bone)

Finance

Level 1 -- Attendance: 2000 (100.00%) -- Ticket Income $140,000
Level 2 -- Attendance: 942 (94.20%) -- Ticket Income $37,680
Total Attendance: 2942 (98.07%)
Total Ticket Income: $177,680
Other Income: $8,884
Total Income: $186,564

Griffins

5 vs 5 Forward 
   Center                   Left Wing                Right Wing               Time % Phy DF OF 
 1 Christoffer Ehn          Sonny Milano             Robert Thomas            40     1   2  2  
 2 Dominic Turgeon          Nathan Walker            Kailer Yamamoto          30     1   2  2  
 3 Connor McMichael         Morgan Barron            Morgan Geekie            20     1   2  2  
 4 Jack Studnicka           Nils Hoglander           Samuel Poulin            10     1   2  2  

5 vs 5 Defense 
   Defense                  Defense                                           Time % Phy DF OF 
 1 Ian McCoshen             Ryan Pulock                                       40     1   2  2  
 2 Mathieu Brodeur          Jordan Spence                                     30     1   2  2  
 3 Joonas Lyytinen          Sebastian Ahaut                                   20     1   2  2  
 4 Brycen Martin            Tyler Lewington                                   10     1   2  2  

PowerPlay Forward 
   Center                   Left Wing                Right Wing               Time % Phy DF OF 
 1 Robert Thomas            Sonny Milano             Nathan Walker            60     1   2  2  
 2 Christoffer Ehn          Connor McMichael         Kailer Yamamoto          40     1   2  2  

PowerPlay Defense
   Defense                  Defense                                           Time % Phy DF OF 
 1 Jordan Spence            Ryan Pulock                                       60     1   2  2  
 2 Ian McCoshen             Sebastian Ahaut                                   40     1   2  2  

Penalty Kill 4 Players Forward 
   Center                   Wing                     Time % Phy DF OF 
 1 Dominic Turgeon          Morgan Geekie            60     1   2  2  
 2 Christoffer Ehn          Morgan Barron            40     1   2  2  

Penalty Kill 4 Players Defense
   Defense                  Defense                  Time % Phy DF OF 
 1 Mathieu Brodeur          Joonas Lyytinen          60     1   2  2  
 2 Tyler Lewington          Ian McCoshen             40     1   2  2  

Penalty Kill - 3 Players Forward 
   Forward                                           Time % Phy DF OF 
 1 Dominic Turgeon                                   60     1   2  2  
 2 Christoffer Ehn                                   40     1   2  2  

Penalty Kill - 3 Players Defense
   Defense                  Defense                  Time % Phy DF OF 
 1 Mathieu Brodeur          Joonas Lyytinen          60     1   2  2  
 2 Sebastian Ahaut          Tyler Lewington          40     1   2  2  

4 vs 4 Forward 
   Center                   Wing                     Time % Phy DF OF 
 1 Robert Thomas            Sonny Milano             60     1   2  2  
 2 Kailer Yamamoto          Nathan Walker            40     1   2  2  

4 vs 4 Defense
   Defense                  Defense                  Time % Phy DF OF 
 1 Ian McCoshen             Jordan Spence            60     1   2  2  
 2 Sebastian Ahaut          Ryan Pulock              40     1   2  2  

Last Minutes Offensive
   Center                   Left Wing                Right Wing               Defense                  Defense                  
   Robert Thomas            Sonny Milano             Nathan Walker            Ian McCoshen             Jordan Spence            

Last Minutes Defensive
   Center                   Left Wing                Right Wing               Defense                  Defense                  
   Christoffer Ehn          Dominic Turgeon          Kailer Yamamoto          Joonas Lyytinen          Mathieu Brodeur          

Goaltenders
Starting : Adam Werner              
Backup : Marcus Hogberg           

Extra Forwards
Normal : Morgan Geekie, Connor McMichael, Nils Hoglander - PP : Morgan Geekie, Dominic Turgeon - PK : Samuel Poulin
Extra Defensemen
Normal : Joonas Lyytinen, Sebastian Ahaut, Tyler Lewington - PP : Joonas Lyytinen - PK : Sebastian Ahaut, Brycen Martin
Penalty Shots
Sonny Milano, Nathan Walker, Robert Thomas, Kailer Yamamoto, Christoffer Ehn
Custom OT Lines Forwards
Sonny Milano, Christoffer Ehn, Robert Thomas, Nathan Walker, Kailer Yamamoto, Dominic Turgeon, Morgan Geekie, Connor McMichael, Nils Hoglander, Morgan Barron
Custom OT Lines Defensemen
Ian McCoshen, Mathieu Brodeur, Ryan Pulock, Jordan Spence, Sebastian Ahaut

Scratches
Brendan Leipsic (Healthy), Scott Reedy (Healthy), Jack Ramsey (Healthy), Michael Bunting (Healthy), Conor Timmins (Healthy)
Calvin Thurkauf (Healthy), Oskar Steen (Healthy), Nick Swaney (Healthy), Dominik Bokk (Healthy), Viktor Lodin (Healthy)
Vladislav Kolyachonok (Healthy), Philippe Desrosiers (Healthy)

Barracuda

5 vs 5 Forward 
   Center                   Left Wing                Right Wing               Time % Phy DF OF 
 1 Emil Pettersson          Kurtis Macdermid         Thomas Gobeil            40     1   2  2  
 2 Theodor Blueger          William Carrier          Jaedon Descheneau        30     1   2  2  
 3 Noah Gregor              Cole Ully                Nikolai Kovalenko        20     1   3  1  
 4 Kyle Platzer             Alex Henriksson          Alexei Toropchenko       10     1   3  1  

5 vs 5 Defense 
   Defense                  Defense                                           Time % Phy DF OF 
 1 Robin Norell             Mac Hollowell                                     40     1   3  1  
 2 Jordan Gross             Luke Martin                                       30     1   3  1  
 3 Alex Lintuniemi          Dennis Cholowski                                  20     1   3  1  
 4 Robin Norell             Mac Hollowell                                     10     1   3  1  

PowerPlay Forward 
   Center                   Left Wing                Right Wing               Time % Phy DF OF 
 1 Emil Pettersson          Kurtis Macdermid         Thomas Gobeil            60     1   1  3  
 2 Theodor Blueger          William Carrier          Jaedon Descheneau        40     1   1  3  

PowerPlay Defense
   Defense                  Defense                                           Time % Phy DF OF 
 1 Robin Norell             Mac Hollowell                                     60     1   2  2  
 2 Jordan Gross             Luke Martin                                       40     1   2  2  

Penalty Kill 4 Players Forward 
   Center                   Wing                     Time % Phy DF OF 
 1 Emil Pettersson          Kurtis Macdermid         60     1   4  0  
 2 Theodor Blueger          William Carrier          40     1   4  0  

Penalty Kill 4 Players Defense
   Defense                  Defense                  Time % Phy DF OF 
 1 Robin Norell             Mac Hollowell            60     1   4  0  
 2 Jordan Gross             Luke Martin              40     1   4  0  

Penalty Kill - 3 Players Forward 
   Forward                                           Time % Phy DF OF 
 1 Emil Pettersson                                   60     1   4  0  
 2 Theodor Blueger                                   40     1   4  0  

Penalty Kill - 3 Players Defense
   Defense                  Defense                  Time % Phy DF OF 
 1 Robin Norell             Mac Hollowell            60     1   4  0  
 2 Jordan Gross             Luke Martin              40     1   4  0  

4 vs 4 Forward 
   Center                   Wing                     Time % Phy DF OF 
 1 Emil Pettersson          Kurtis Macdermid         60     1   3  1  
 2 Theodor Blueger          William Carrier          40     1   3  1  

4 vs 4 Defense
   Defense                  Defense                  Time % Phy DF OF 
 1 Robin Norell             Mac Hollowell            60     1   3  1  
 2 Jordan Gross             Luke Martin              40     1   3  1  

Last Minutes Offensive
   Center                   Left Wing                Right Wing               Defense                  Defense                  
   Emil Pettersson          Kurtis Macdermid         Thomas Gobeil            Robin Norell             Mac Hollowell            

Last Minutes Defensive
   Center                   Left Wing                Right Wing               Defense                  Defense                  
   Emil Pettersson          Kurtis Macdermid         Thomas Gobeil            Robin Norell             Mac Hollowell            

Goaltenders
Starting : Joni Ortio               
Backup : Filip Larsson            

Extra Forwards
Normal : Theodor Blueger, Noah Gregor, Alex Henriksson - PP : Theodor Blueger, Noah Gregor - PK : Theodor Blueger
Extra Defensemen
Normal : Luke Martin, Alex Lintuniemi, Dennis Cholowski - PP : Luke Martin - PK : Luke Martin, Alex Lintuniemi
Penalty Shots
Kurtis Macdermid, William Carrier, Emil Pettersson, Cole Ully, Theodor Blueger
Custom OT Lines Forwards
Kurtis Macdermid, William Carrier, Emil Pettersson, Cole Ully, Theodor Blueger, Noah Gregor, Alex Henriksson, Kyle Platzer, Thomas Gobeil, Jaedon Descheneau
Custom OT Lines Defensemen
Robin Norell, Mac Hollowell, Jordan Gross, Luke Martin, Alex Lintuniemi

Scratches
Brett Kulak (Healthy), Jacob Peterson (Healthy), Ryan Merkley (Healthy), Bode Wilde (Healthy), Beck Malenstyn (Healthy)
Adam Edstrom (Healthy), Adam Beckman (Healthy), Angus Crookshank (Healthy), Kevin Mandolese (Healthy)

% Time on Ice - Griffins

Lines # - Real PCT - Wanted PCT - Time Play
Normal Forward
1 - 39% - 40% - 17:27
2 - 26% - 30% - 11:37
3 - 21% - 20% - 9:21
4 - 15% - 10% - 6:39
Normal Defense
1 - 42% - 40% - 18:57
2 - 29% - 30% - 13:13
3 - 20% - 20% - 9:11
4 - 8% - 10% - 3:43
PP Forward
1 - 62% - 60% - 5:34
2 - 38% - 40% - 3:25
PP Defense
1 - 63% - 60% - 5:42
2 - 37% - 40% - 3:17
PK Forward
1 - 81% - 60% - 4:48
2 - 19% - 40% - 1:09
PK Defense
1 - 61% - 60% - 3:38
2 - 39% - 40% - 2:19
PK3 Forward
1 - 0% - 60%
2 - 0% - 40%
PK3 Defense
1 - 0% - 60%
2 - 0% - 40%
44 Forward
1 - 0% - 60%
2 - 0% - 40%
44 Defense
1 - 0% - 60%
2 - 0% - 40%
Last Minute Offensive  - 0:00
Last Minute Defensive  - 0:00
Total
Forward - 60:00
Defense - 60:00

% Time on Ice - Barracuda

Lines # - Real PCT - Wanted PCT - Time Play
Normal Forward
1 - 34% - 40% - 15:31
2 - 28% - 30% - 12:27
3 - 24% - 20% - 10:47
4 - 14% - 10% - 6:19
Normal Defense
1 - 43% - 40% - 19:28
2 - 31% - 30% - 13:59
3 - 21% - 20% - 9:37
4 - 4% - 10% - 2:00
PP Forward
1 - 54% - 60% - 3:11
2 - 46% - 40% - 2:46
PP Defense
1 - 75% - 60% - 4:29
2 - 25% - 40% - 1:28
PK Forward
1 - 73% - 60% - 6:33
2 - 27% - 40% - 2:26
PK Defense
1 - 71% - 60% - 6:23
2 - 29% - 40% - 2:36
PK3 Forward
1 - 0% - 60%
2 - 0% - 40%
PK3 Defense
1 - 0% - 60%
2 - 0% - 40%
44 Forward
1 - 0% - 60%
2 - 0% - 40%
44 Defense
1 - 0% - 60%
2 - 0% - 40%
Last Minute Offensive  - 0:00
Last Minute Defensive  - 0:00
Total
Forward - 60:00
Defense - 60:00

Play-by-Play

1st period


0:01 of 1st period - Emil Pettersson wins face-off versus Christoffer Ehn in neutral zone.
0:13 of 1st period - Christoffer Ehn is hit by Thomas Gobeil and loses puck.
0:17 of 1st period - Sonny Milano is hit by Emil Pettersson and loses puck.
0:22 of 1st period - Mac Hollowell is hit by Christoffer Ehn and loses puck.
0:35 of 1st period - Snap shot by Theodor Blueger.
0:35 of 1st period - Shot Misses the Net.
0:37 of 1st period - Slapshot by Mac Hollowell.
0:37 of 1st period - Shot Blocked by Ryan Pulock.
1:01 of 1st period - Wrist shot by Morgan Geekie.
1:01 of 1st period - Shot Misses the Net.
1:23 of 1st period - Slapshot by Jack Studnicka.
1:23 of 1st period - Stopped by Joni Ortio without a rebound.
1:24 of 1st period - Christoffer Ehn wins face-off versus Theodor Blueger in Barracuda zone.
1:50 of 1st period - Mathieu Brodeur is hit by Nikolai Kovalenko and loses puck.
2:34 of 1st period - Mac Hollowell is hit by Robert Thomas and loses puck.
2:43 of 1st period - Mathieu Brodeur is hit by Alex Henriksson and loses puck.
3:04 of 1st period - Slapshot by Kyle Platzer.
3:04 of 1st period - Shot Misses the Net.
3:06 of 1st period - Slapshot by Robin Norell.
3:06 of 1st period - Stopped by Adam Werner without a rebound.
3:07 of 1st period - Emil Pettersson wins face-off versus Dominic Turgeon in Griffins zone.
3:30 of 1st period - Minor Penalty to William Carrier for Interference.
3:31 of 1st period - Emil Pettersson wins face-off versus Connor McMichael in Barracuda zone.
3:56 of 1st period - Kurtis Macdermid is hit by Nathan Walker and loses puck.
5:20 of 1st period - Icing by Nathan Walker.
5:21 of 1st period - Cole Ully wins face-off versus Nathan Walker in Griffins zone.
5:30 of 1st period - Penalty to William Carrier is over, William Carrier is back on ice.
6:34 of 1st period - Minor Penalty to Brycen Martin for Cross-checking.
6:35 of 1st period - Dominic Turgeon wins face-off versus Emil Pettersson in Griffins zone.
7:23 of 1st period - Wrist shot by Christoffer Ehn.
7:23 of 1st period - Stopped by Joni Ortio without a rebound.
7:24 of 1st period - Emil Pettersson wins face-off versus Christoffer Ehn in Barracuda zone.
8:34 of 1st period - Penalty to Brycen Martin is over, Brycen Martin is back on ice.
8:58 of 1st period - Brycen Martin is hit by Alexei Toropchenko and loses puck.
9:25 of 1st period - Icing by Joonas Lyytinen.
9:26 of 1st period - Nathan Walker wins face-off versus Emil Pettersson in Griffins zone.
9:36 of 1st period - Snap shot by Kailer Yamamoto.
9:36 of 1st period - Shot Blocked by Jordan Gross.
9:38 of 1st period - Snap shot by Nathan Walker.
9:38 of 1st period - Shot Blocked by Kurtis Macdermid.
10:15 of 1st period - Slapshot by Noah Gregor.
10:15 of 1st period - Stopped by Adam Werner without a rebound.
10:16 of 1st period - Dominic Turgeon wins face-off versus Noah Gregor in Griffins zone.
10:27 of 1st period - Snap shot by Kailer Yamamoto.
10:27 of 1st period - Shot Misses the Net.
10:29 of 1st period - Snap shot by Tyler Lewington.
10:29 of 1st period - Shot Blocked by Mac Hollowell.
10:43 of 1st period - Sonny Milano is hit by Mac Hollowell and loses puck.
11:28 of 1st period - Alex Henriksson is hit by Nils Hoglander and loses puck.
12:09 of 1st period - Christoffer Ehn is hit by Luke Martin.
12:25 of 1st period - Theodor Blueger is hit by Connor McMichael and loses puck.
12:48 of 1st period - Wrist shot by Nils Hoglander.
12:48 of 1st period - Shot Misses the Net.
12:50 of 1st period - Backhand shot by Mathieu Brodeur.
12:50 of 1st period - Deflect By Jack Studnicka.
12:50 of 1st period - Goal by Jack Studnicka - Griffins : 1 - Barracuda : 0.
12:51 of 1st period - Emil Pettersson wins face-off versus Dominic Turgeon in neutral zone.
13:02 of 1st period - Slapshot by Kailer Yamamoto.
13:02 of 1st period - Stopped by Joni Ortio with a rebound.
13:04 of 1st period - Snap shot by Nathan Walker.
13:04 of 1st period - Shot Misses the Net.
13:06 of 1st period - Snap shot by Nathan Walker.
13:06 of 1st period - Shot Blocked by Emil Pettersson.
13:08 of 1st period - Snap shot by Nathan Walker.
13:08 of 1st period - Deflect By Kailer Yamamoto.
13:08 of 1st period - Stopped by Joni Ortio without a rebound.
13:09 of 1st period - Theodor Blueger wins face-off versus Christoffer Ehn in Barracuda zone.
13:19 of 1st period - Icing by Joonas Lyytinen.
13:20 of 1st period - Emil Pettersson wins face-off versus Robert Thomas in Griffins zone.
13:34 of 1st period - Snap shot by Emil Pettersson.
13:34 of 1st period - Shot Misses the Net.
13:46 of 1st period - Snap shot by Theodor Blueger.
13:46 of 1st period - Stopped by Adam Werner with a rebound.
13:58 of 1st period - Wrist shot by Kailer Yamamoto.
13:58 of 1st period - Stopped by Joni Ortio with a rebound.
15:17 of 1st period - Snap shot by William Carrier.
15:17 of 1st period - Stopped by Adam Werner with a rebound.
15:19 of 1st period - Wrist shot by Jaedon Descheneau.
15:19 of 1st period - Shot Misses the Net.
15:21 of 1st period - Backhand shot by Theodor Blueger.
15:21 of 1st period - Stopped by Adam Werner with a rebound.
15:38 of 1st period - Off-side.
15:39 of 1st period - Noah Gregor wins face-off versus Morgan Geekie in neutral zone.
15:44 of 1st period - Wrist shot by Cole Ully.
15:44 of 1st period - Goal by Cole Ully - Griffins : 1 - Barracuda : 1.
15:45 of 1st period - Emil Pettersson wins face-off versus Dominic Turgeon in neutral zone.
15:51 of 1st period - Icing by Kailer Yamamoto.
15:52 of 1st period - Emil Pettersson wins face-off versus Dominic Turgeon in Griffins zone.
16:29 of 1st period - Slapshot by Robert Thomas.
16:29 of 1st period - Deflect By Theodor Blueger.
16:29 of 1st period - Shot Misses the Net.
16:29 of 1st period - Puck is out of play.
16:30 of 1st period - Dominic Turgeon wins face-off versus Emil Pettersson in Barracuda zone.
16:31 of 1st period - Snap shot by Nathan Walker.
16:31 of 1st period - Shot Hit the Post.
17:18 of 1st period - Ian McCoshen is hit by Nikolai Kovalenko and loses puck.
17:42 of 1st period - Ryan Pulock is hit by Kurtis Macdermid and loses puck.
18:03 of 1st period - Snap shot by Nathan Walker.
18:03 of 1st period - Stopped by Joni Ortio without a rebound.
18:04 of 1st period - Emil Pettersson wins face-off versus Christoffer Ehn in Barracuda zone.
18:13 of 1st period - Wrist shot by Kurtis Macdermid.
18:13 of 1st period - Stopped by Adam Werner with a rebound.
18:15 of 1st period - Slapshot by Mac Hollowell.
18:15 of 1st period - Deflect By Sonny Milano.
18:15 of 1st period - Stopped by Adam Werner with a rebound.
18:17 of 1st period - Snap shot by Emil Pettersson.
18:17 of 1st period - Goal by Emil Pettersson - Griffins : 1 - Barracuda : 2.
18:18 of 1st period - Emil Pettersson wins face-off versus Christoffer Ehn in neutral zone.
18:25 of 1st period - Snap shot by Thomas Gobeil.
18:25 of 1st period - Shot Misses the Net.
18:48 of 1st period - Wrist shot by Cole Ully.
18:48 of 1st period - Shot Misses the Net.
18:50 of 1st period - Snap shot by Nikolai Kovalenko.
18:50 of 1st period - Stopped by Adam Werner without a rebound.
18:51 of 1st period - Emil Pettersson wins face-off versus Dominic Turgeon in Griffins zone.
18:54 of 1st period - Snap shot by Kurtis Macdermid.
18:54 of 1st period - Stopped by Adam Werner without a rebound.
18:55 of 1st period - Dominic Turgeon wins face-off versus Emil Pettersson in Griffins zone.
19:52 of 1st period - Wrist shot by Alex Henriksson.
19:52 of 1st period - Stopped by Adam Werner without a rebound.
19:53 of 1st period - Christoffer Ehn wins face-off versus Emil Pettersson in Griffins zone.
Goals for this period are 1 for Griffins vs 2 for Barracuda.
Shots for this period are 7 for Griffins vs 12 for Barracuda.

2nd period


0:01 of 2nd period - Morgan Barron wins face-off versus Emil Pettersson in neutral zone.
0:11 of 2nd period - Snap shot by Morgan Barron.
0:11 of 2nd period - Goal by Morgan Barron - Griffins : 2 - Barracuda : 2.
0:12 of 2nd period - Emil Pettersson wins face-off versus Christoffer Ehn in neutral zone.
0:16 of 2nd period - Off-side.
0:17 of 2nd period - Emil Pettersson wins face-off versus Christoffer Ehn in neutral zone.
1:25 of 2nd period - Snap shot by Robert Thomas.
1:25 of 2nd period - Shot Blocked by Jordan Gross.
1:51 of 2nd period - Snap shot by Nathan Walker.
1:51 of 2nd period - Goal by Nathan Walker - Griffins : 3 - Barracuda : 2.
1:52 of 2nd period - Christoffer Ehn wins face-off versus Emil Pettersson in neutral zone.
1:59 of 2nd period - Sonny Milano is hit by Kurtis Macdermid.
2:06 of 2nd period - Ryan Pulock is hit by Robin Norell and loses puck.
2:09 of 2nd period - Wrist shot by Sonny Milano.
2:09 of 2nd period - Stopped by Joni Ortio without a rebound.
2:10 of 2nd period - Connor McMichael wins face-off versus Theodor Blueger in Barracuda zone.
2:11 of 2nd period - Snap shot by Morgan Geekie.
2:11 of 2nd period - Deflect By Morgan Barron.
2:11 of 2nd period - Shot Blocked by Theodor Blueger.
2:11 of 2nd period - Puck is out of play.
2:12 of 2nd period - Theodor Blueger wins face-off versus Connor McMichael in Barracuda zone.
2:25 of 2nd period - Slapshot by Morgan Barron.
2:25 of 2nd period - Shot Blocked by Robin Norell.
2:27 of 2nd period - Snap shot by Connor McMichael.
2:27 of 2nd period - Shot Blocked by Robin Norell.
3:23 of 2nd period - Snap shot by William Carrier.
3:23 of 2nd period - Shot Misses the Net.
3:25 of 2nd period - Snap shot by Luke Martin.
3:25 of 2nd period - Stopped by Adam Werner with a rebound.
3:29 of 2nd period - Snap shot by William Carrier.
3:29 of 2nd period - Stopped by Adam Werner with a rebound.
3:31 of 2nd period - Slapshot by Jaedon Descheneau.
3:31 of 2nd period - Stopped by Adam Werner without a rebound.
3:32 of 2nd period - Christoffer Ehn wins face-off versus Emil Pettersson in Griffins zone.
3:45 of 2nd period - Snap shot by Robert Thomas.
3:45 of 2nd period - Shot Blocked by Kurtis Macdermid.
3:47 of 2nd period - Wrist shot by Sonny Milano.
3:47 of 2nd period - Stopped by Joni Ortio with a rebound.
3:49 of 2nd period - Slapshot by Ian McCoshen.
3:49 of 2nd period - Deflect By Robert Thomas.
3:49 of 2nd period - Stopped by Joni Ortio with a rebound.
4:48 of 2nd period - Snap shot by Kyle Platzer.
4:48 of 2nd period - Shot Misses the Net.
5:37 of 2nd period - Snap shot by Noah Gregor.
5:37 of 2nd period - Stopped by Adam Werner with a rebound.
6:07 of 2nd period - Ian McCoshen is hit by Alexei Toropchenko and loses puck.
6:21 of 2nd period - Sonny Milano is hit by Alexei Toropchenko and loses puck.
7:05 of 2nd period - Icing by Noah Gregor.
7:06 of 2nd period - Noah Gregor wins face-off versus Connor McMichael in Barracuda zone.
7:57 of 2nd period - Wrist shot by Kurtis Macdermid.
7:57 of 2nd period - Shot Misses the Net.
10:17 of 2nd period - Slapshot by Jack Studnicka.
10:17 of 2nd period - Shot Misses the Net.
10:27 of 2nd period - Joonas Lyytinen is hit by Jaedon Descheneau and loses puck.
10:31 of 2nd period - Icing by Dominic Turgeon.
10:32 of 2nd period - Dominic Turgeon wins face-off versus Theodor Blueger in Griffins zone.
10:55 of 2nd period - Slapshot by Theodor Blueger.
10:55 of 2nd period - Shot Misses the Net.
11:04 of 2nd period - Wrist shot by Nathan Walker.
11:04 of 2nd period - Shot Blocked by Theodor Blueger.
11:06 of 2nd period - Slapshot by Tyler Lewington.
11:06 of 2nd period - Stopped by Joni Ortio with a rebound.
11:08 of 2nd period - Snap shot by Dominic Turgeon.
11:08 of 2nd period - Shot Misses the Net.
11:10 of 2nd period - Wrist shot by Brycen Martin.
11:10 of 2nd period - Shot Misses the Net.
11:12 of 2nd period - Slapshot by Brycen Martin.
11:12 of 2nd period - Shot Hit the Post.
11:14 of 2nd period - Slapshot by Nathan Walker.
11:14 of 2nd period - Shot Blocked by Theodor Blueger.
11:16 of 2nd period - Wrist shot by Dominic Turgeon.
11:16 of 2nd period - Shot Misses the Net.
11:18 of 2nd period - Slapshot by Nathan Walker.
11:18 of 2nd period - Shot Misses the Net.
11:20 of 2nd period - Snap shot by Kailer Yamamoto.
11:20 of 2nd period - Stopped by Joni Ortio with a rebound.
11:22 of 2nd period - Slapshot by Kailer Yamamoto.
11:22 of 2nd period - Shot Blocked by William Carrier.
11:24 of 2nd period - Wrist shot by Kailer Yamamoto.
11:24 of 2nd period - Stopped by Joni Ortio without a rebound.
11:25 of 2nd period - Emil Pettersson wins face-off versus Christoffer Ehn in Barracuda zone.
12:47 of 2nd period - Wrist shot by Emil Pettersson.
12:47 of 2nd period - Stopped by Adam Werner without a rebound.
12:48 of 2nd period - Christoffer Ehn wins face-off versus Theodor Blueger in Griffins zone.
12:55 of 2nd period - Slapshot by Robert Thomas.
12:55 of 2nd period - Stopped by Joni Ortio without a rebound.
12:56 of 2nd period - Christoffer Ehn wins face-off versus Theodor Blueger in Barracuda zone.
12:57 of 2nd period - Slapshot by Sonny Milano.
12:57 of 2nd period - Shot Blocked by William Carrier.
13:13 of 2nd period - Robin Norell is hit by Ryan Pulock and loses puck.
13:53 of 2nd period - Icing by Robin Norell.
13:54 of 2nd period - Theodor Blueger wins face-off versus Dominic Turgeon in Barracuda zone.
14:26 of 2nd period - Icing by Jordan Gross.
14:27 of 2nd period - Noah Gregor wins face-off versus Connor McMichael in Barracuda zone.
14:29 of 2nd period - Icing by Cole Ully.
14:30 of 2nd period - Cole Ully wins face-off versus Dominic Turgeon in Barracuda zone.
14:38 of 2nd period - Off-side.
14:39 of 2nd period - Emil Pettersson wins face-off versus Dominic Turgeon in neutral zone.
15:16 of 2nd period - Wrist shot by Nathan Walker.
15:16 of 2nd period - Deflect By Kailer Yamamoto.
15:16 of 2nd period - Shot Misses the Net.
15:16 of 2nd period - Puck is out of play.
15:17 of 2nd period - Christoffer Ehn wins face-off versus Theodor Blueger in Barracuda zone.
16:08 of 2nd period - Wrist shot by Morgan Geekie.
16:08 of 2nd period - Shot Hit the Post.
16:30 of 2nd period - Minor Penalty to Thomas Gobeil for Holding.
16:31 of 2nd period - Emil Pettersson wins face-off versus Robert Thomas in Barracuda zone.
16:51 of 2nd period - Mac Hollowell is hit by Robert Thomas and loses puck.
17:40 of 2nd period - Kurtis Macdermid is hit by Ian McCoshen and loses puck.
18:23 of 2nd period - Ian McCoshen is hit by Mac Hollowell.
18:30 of 2nd period - Penalty to Thomas Gobeil is over, Thomas Gobeil is back on ice.
19:02 of 2nd period - Snap shot by Theodor Blueger.
19:02 of 2nd period - Shot Blocked by Brycen Martin.
19:24 of 2nd period - Dominic Turgeon is hit by Luke Martin and loses puck.
19:50 of 2nd period - Minor Penalty to Kyle Platzer for Tripping.
19:51 of 2nd period - Robert Thomas wins face-off versus Emil Pettersson in Barracuda zone.
19:52 of 2nd period - Wrist shot by Sonny Milano.
19:52 of 2nd period - Shot Misses the Net.
19:54 of 2nd period - Slapshot by Ryan Pulock.
19:54 of 2nd period - Stopped by Joni Ortio with a rebound.
19:56 of 2nd period - Slapshot by Jordan Spence.
19:56 of 2nd period - Stopped by Joni Ortio with a rebound.
Goals for this period are 2 for Griffins vs 0 for Barracuda.
Shots for this period are 11 for Griffins vs 5 for Barracuda.

3rd period


0:01 of 3rd period - Robert Thomas wins face-off versus Emil Pettersson in neutral zone.
0:06 of 3rd period - Mac Hollowell is hit by Jordan Spence and loses puck.
0:16 of 3rd period - Off-side.
0:17 of 3rd period - Kurtis Macdermid wins face-off versus Robert Thomas in neutral zone.
0:52 of 3rd period - Slapshot by Jordan Spence.
0:52 of 3rd period - Shot Blocked by Robin Norell.
0:54 of 3rd period - Slapshot by Ryan Pulock.
0:54 of 3rd period - Shot Misses the Net.
1:16 of 3rd period - Jordan Gross is hit by Ian McCoshen and loses puck.
1:23 of 3rd period - Snap shot by Luke Martin.
1:23 of 3rd period - Shot Blocked by Connor McMichael.
1:50 of 3rd period - Penalty to Kyle Platzer is over, Kyle Platzer is back on ice.
2:03 of 3rd period - Snap shot by Kyle Platzer.
2:03 of 3rd period - Stopped by Adam Werner with a rebound.
2:18 of 3rd period - Icing by Ryan Pulock.
2:19 of 3rd period - Theodor Blueger wins face-off versus Connor McMichael in Griffins zone.
2:42 of 3rd period - Snap shot by Jack Studnicka.
2:42 of 3rd period - Shot Blocked by Robin Norell.
2:44 of 3rd period - Wrist shot by Ryan Pulock.
2:44 of 3rd period - Shot Blocked by Mac Hollowell.
2:44 of 3rd period - Mac Hollowell from Barracuda is injured at 2:44 of 3rd period (Fractured Orbital Bone).
2:45 of 3rd period - Emil Pettersson wins face-off versus Christoffer Ehn in Barracuda zone.
2:55 of 3rd period - Off-side.
2:56 of 3rd period - Christoffer Ehn wins face-off versus Emil Pettersson in neutral zone.
3:09 of 3rd period - Wrist shot by Kurtis Macdermid.
3:09 of 3rd period - Stopped by Adam Werner without a rebound.
3:10 of 3rd period - Emil Pettersson wins face-off versus Christoffer Ehn in Griffins zone.
3:19 of 3rd period - Wrist shot by Christoffer Ehn.
3:19 of 3rd period - Stopped by Joni Ortio with a rebound.
3:21 of 3rd period - Wrist shot by Christoffer Ehn.
3:21 of 3rd period - Stopped by Joni Ortio with a rebound.
3:23 of 3rd period - Slapshot by Jordan Spence.
3:23 of 3rd period - Deflect By Sonny Milano.
3:23 of 3rd period - Shot Blocked by Emil Pettersson.
3:23 of 3rd period - Puck is out of play.
3:24 of 3rd period - Christoffer Ehn wins face-off versus Emil Pettersson in Barracuda zone.
3:28 of 3rd period - Minor Penalty to Thomas Gobeil for Tripping.
3:29 of 3rd period - Robert Thomas wins face-off versus Emil Pettersson in Barracuda zone.
5:11 of 3rd period - Ian McCoshen is hit by Kyle Platzer and loses puck.
5:28 of 3rd period - Penalty to Thomas Gobeil is over, Thomas Gobeil is back on ice.
5:34 of 3rd period - Wrist shot by Alex Henriksson.
5:34 of 3rd period - Shot Misses the Net.
5:38 of 3rd period - Wrist shot by Kyle Platzer.
5:38 of 3rd period - Shot Misses the Net.
5:40 of 3rd period - Snap shot by Luke Martin.
5:40 of 3rd period - Shot Blocked by Jordan Spence.
5:42 of 3rd period - Wrist shot by Alex Henriksson.
5:42 of 3rd period - Stopped by Adam Werner with a rebound.
5:44 of 3rd period - Wrist shot by Kyle Platzer.
5:44 of 3rd period - Shot Misses the Net.
5:46 of 3rd period - Slapshot by Alex Henriksson.
5:46 of 3rd period - Shot Blocked by Jordan Spence.
5:48 of 3rd period - Backhand shot by Kyle Platzer.
5:48 of 3rd period - Shot Blocked by Jack Studnicka.
5:50 of 3rd period - Slapshot by Alex Henriksson.
5:50 of 3rd period - Stopped by Adam Werner with a rebound.
5:52 of 3rd period - Snap shot by Thomas Gobeil.
5:52 of 3rd period - Shot Misses the Net.
5:54 of 3rd period - Backhand shot by Dennis Cholowski.
5:54 of 3rd period - Shot Blocked by Morgan Geekie.
6:18 of 3rd period - Snap shot by Dominic Turgeon.
6:18 of 3rd period - Stopped by Joni Ortio with a rebound.
6:24 of 3rd period - Snap shot by Morgan Geekie.
6:24 of 3rd period - Stopped by Joni Ortio with a rebound.
6:34 of 3rd period - Backhand shot by Luke Martin.
6:34 of 3rd period - Shot Blocked by Ryan Pulock.
6:36 of 3rd period - Snap shot by Thomas Gobeil.
6:36 of 3rd period - Shot Blocked by Ryan Pulock.
6:47 of 3rd period - Wrist shot by Alex Henriksson.
6:47 of 3rd period - Stopped by Adam Werner without a rebound.
6:48 of 3rd period - Theodor Blueger wins face-off versus Christoffer Ehn in Griffins zone.
7:09 of 3rd period - Minor Penalty to Robert Thomas for Delaying the game.
7:10 of 3rd period - Christoffer Ehn wins face-off versus Theodor Blueger in Griffins zone.
7:23 of 3rd period - Wrist shot by William Carrier.
7:23 of 3rd period - Deflect By Theodor Blueger.
7:23 of 3rd period - Stopped by Adam Werner with a rebound.
9:09 of 3rd period - Penalty to Robert Thomas is over, Robert Thomas is back on ice.
9:34 of 3rd period - Slapshot by Jack Studnicka.
9:34 of 3rd period - Stopped by Joni Ortio without a rebound.
9:35 of 3rd period - Sonny Milano wins face-off versus Kyle Platzer in Barracuda zone.
10:02 of 3rd period - Sonny Milano is hit by Robin Norell and loses puck.
10:35 of 3rd period - Snap shot by Sonny Milano.
10:35 of 3rd period - Stopped by Joni Ortio without a rebound.
10:36 of 3rd period - Emil Pettersson wins face-off versus Dominic Turgeon in Barracuda zone.
10:51 of 3rd period - Snap shot by Kurtis Macdermid.
10:51 of 3rd period - Stopped by Adam Werner without a rebound.
10:52 of 3rd period - William Carrier wins face-off versus Connor McMichael in Griffins zone.
11:13 of 3rd period - Minor Penalty to Connor McMichael for Holding.
11:14 of 3rd period - Dominic Turgeon wins face-off versus Emil Pettersson in Griffins zone.
11:25 of 3rd period - Wrist shot by Morgan Geekie.
11:25 of 3rd period - Shot Misses the Net.
11:27 of 3rd period - Snap shot by Morgan Geekie.
11:27 of 3rd period - Stopped by Joni Ortio without a rebound.
11:28 of 3rd period - Dominic Turgeon wins face-off versus Thomas Gobeil in Barracuda zone.
12:03 of 3rd period - Snap shot by Theodor Blueger.
12:03 of 3rd period - Shot Misses the Net.
12:05 of 3rd period - Snap shot by Jaedon Descheneau.
12:05 of 3rd period - Stopped by Adam Werner with a rebound.
13:13 of 3rd period - Penalty to Connor McMichael is over, Connor McMichael is back on ice.
13:19 of 3rd period - Icing by Jordan Gross.
13:20 of 3rd period - Christoffer Ehn wins face-off versus Theodor Blueger in Barracuda zone.
14:05 of 3rd period - Kailer Yamamoto is hit by Noah Gregor and loses puck.
14:42 of 3rd period - Icing by Kyle Platzer.
14:43 of 3rd period - Robert Thomas wins face-off versus Kyle Platzer in Barracuda zone.
14:56 of 3rd period - Wrist shot by Kyle Platzer.
14:56 of 3rd period - Deflect By Alex Henriksson.
14:56 of 3rd period - Stopped by Adam Werner without a rebound.
14:57 of 3rd period - Dominic Turgeon wins face-off versus Emil Pettersson in Griffins zone.
15:08 of 3rd period - Wrist shot by Dominic Turgeon.
15:08 of 3rd period - Shot Misses the Net.
15:10 of 3rd period - Wrist shot by Ian McCoshen.
15:10 of 3rd period - Stopped by Joni Ortio without a rebound.
15:11 of 3rd period - Noah Gregor wins face-off versus Connor McMichael in Barracuda zone.
15:43 of 3rd period - Snap shot by Sonny Milano.
15:43 of 3rd period - Shot Misses the Net.
16:09 of 3rd period - Jack Studnicka is hit by William Carrier and loses puck.
16:44 of 3rd period - Wrist shot by Morgan Barron.
16:44 of 3rd period - Shot Misses the Net.
16:46 of 3rd period - Snap shot by Ian McCoshen.
16:46 of 3rd period - Stopped by Joni Ortio without a rebound.
16:47 of 3rd period - Nikolai Kovalenko wins face-off versus Connor McMichael in Barracuda zone.
16:58 of 3rd period - Slapshot by Jordan Gross.
16:58 of 3rd period - Shot Misses the Net.
17:12 of 3rd period - Sonny Milano is hit by Thomas Gobeil and loses puck.
17:19 of 3rd period - Snap shot by Sonny Milano.
17:19 of 3rd period - Stopped by Joni Ortio without a rebound.
17:20 of 3rd period - Connor McMichael wins face-off versus Emil Pettersson in Barracuda zone.
17:21 of 3rd period - Wrist shot by Morgan Geekie.
17:21 of 3rd period - Stopped by Joni Ortio with a rebound.
17:57 of 3rd period - Wrist shot by Robert Thomas.
17:57 of 3rd period - Stopped by Joni Ortio with a rebound.
18:05 of 3rd period - Minor Penalty to Nikolai Kovalenko for High sticking.
18:06 of 3rd period - Emil Pettersson wins face-off versus Robert Thomas in Barracuda zone.
18:15 of 3rd period - Wrist shot by Kurtis Macdermid.
18:15 of 3rd period - Shot Blocked by Robert Thomas.
18:24 of 3rd period - Icing by Jordan Spence.
18:25 of 3rd period - Robert Thomas wins face-off versus Emil Pettersson in Griffins zone.
18:50 of 3rd period - Wrist shot by Sonny Milano.
18:50 of 3rd period - Shot Misses the Net.
18:52 of 3rd period - Slapshot by Robert Thomas.
18:52 of 3rd period - Deflect By Sonny Milano.
18:52 of 3rd period - Stopped by Joni Ortio without a rebound.
18:53 of 3rd period - Dale Hunter call a timeout for Barracuda.
18:53 of 3rd period - Robert Thomas wins face-off versus Theodor Blueger in Barracuda zone.
19:06 of 3rd period - Snap shot by Sonny Milano.
19:06 of 3rd period - Stopped by Joni Ortio with a rebound.
19:08 of 3rd period - Snap shot by Sonny Milano.
19:08 of 3rd period - Goal by Sonny Milano - Griffins : 4 - Barracuda : 2.
19:09 of 3rd period - Noah Gregor wins face-off versus Connor McMichael in neutral zone.
19:12 of 3rd period - Slapshot by Luke Martin.
19:12 of 3rd period - Shot Blocked by Ryan Pulock.
19:23 of 3rd period - Snap shot by Morgan Geekie.
19:23 of 3rd period - Deflect By Morgan Barron.
19:23 of 3rd period - Stopped by Joni Ortio with a rebound.
19:25 of 3rd period - Snap shot by Morgan Geekie.
19:25 of 3rd period - Stopped by Joni Ortio without a rebound.
19:26 of 3rd period - Jack Studnicka wins face-off versus Kyle Platzer in Barracuda zone.
19:39 of 3rd period - Slapshot by Luke Martin.
19:39 of 3rd period - Shot Misses the Net.
19:55 of 3rd period - Icing by Morgan Geekie.
19:56 of 3rd period - Connor McMichael wins face-off versus Noah Gregor in Griffins zone.
Goals for this period are 1 for Griffins vs 0 for Barracuda.
Shots for this period are 17 for Griffins vs 9 for Barracuda.